 Dungeon Crawl Stone Soup version 0.26-a0-712-ga5a9c9c9d0 (webtiles) character file.

Game seed: 15251259017300264280

47025 jasper the Devastator (level 14, -4/121 HPs)
             Began as a Pale Draconian Conjurer on Nov 1, 2020.
             Was a High Priest of Vehumet.
             Slain by an eight-headed hydra (5 damage)
             ... on level 4 of the Lair of Beasts.
             The game lasted 00:50:02 (26149 turns).

jasper the Devastator (Pale Draconian Conjurer)    Turns: 26149, Time: 00:50:02

Health: -4/121     AC: 16    Str: 11    XL:     14   Next: 7%
Magic:  3/26       EV: 14    Int: 30    God:    Vehumet [*****.]
Gold:   713        SH:  0    Dex:  5    Spells: 6/29 levels left

rFire    . . .     SeeInvis .   n - +1 short sword (speed)
rCold    . . .     Faith    .   (no shield)
rNeg     + . .     Spirit   .   (armour unavailable)
rPois    +         Reflect  .   (helmet restricted)
rElec    +         Harm     .   w - +1 cloak
rCorr    .         Rampage  .   k - +2 pair of gloves
MR       +....                  Q - +2 pair of boots {Fly}
Stlth    ++........             (no amulet)
HPRegen  0.30/turn              u - ring of Eternal Night {rElec rN+ Int+7 Dex-4 Stlth+}
MPRegen  0.20/turn              G - ring of poison resistance

@: short of breath
A: breathe steam, unfitting armour, cold-blooded, AC +8
a: Breathe Steam, Renounce Religion, Evoke Flight


You were on level 4 of the Lair of Beasts.
You worshipped Vehumet.
Vehumet was extremely pleased with you.
You visited 3 branches of the dungeon, and saw 18 of its levels.
You also visited: Bailey.

You collected 1097 gold pieces.
You spent 384 gold pieces at shops.

Inventory:

Hand Weapons
 n - a +1 short sword of speed (weapon)
 M - a +1 spear of venom
Missiles
 d - 92 sling bullets
 e - 524 stones
 g - 35 poisoned darts
 q - 15 javelins (quivered)
 B - 16 boomerangs
 P - 4 throwing nets
Armour
 h - a +0 tower shield
 k - a +2 pair of gloves (worn)
 w - a +1 cloak (worn)
 Q - a +2 pair of boots of flying (worn)
 Y - a scarf of invisibility
Jewellery
 f - an uncursed amulet of guardian spirit {unknown}
 u - the ring of Eternal Night (left hand) {rElec rN+ Int+7 Dex-4 Stlth+}
   (You found it on level 4 of the Dungeon)

   [ring of positive energy]

   It affects your intelligence (+7).
   It affects your dexterity (-4).
   It insulates you from electricity.
   It protects you from negative energy.
   It makes you more stealthy.
 y - an uncursed ring of resist corrosion
 D - an uncursed ring of magical power
 F - an uncursed ring of positive energy
 G - a ring of poison resistance (right hand)
 S - an uncursed ring of ice
 W - an uncursed amulet of faith {unknown}
Wands
 i - a wand of paralysis (14)
 s - a wand of digging (4)
 J - a wand of acid (12)
 U - a wand of random effects (9)
 X - a wand of enslavement (8)
Scrolls
 a - 10 scrolls of remove curse
 c - a scroll of immolation
 j - 14 scrolls of teleportation
 l - a scroll of holy word {unknown}
 m - 3 scrolls of fear
 p - 6 scrolls of enchant armour
 r - a scroll of amnesia
 x - a scroll of fog
 C - a scroll of enchant weapon
 E - a scroll of acquirement {unknown}
 H - 5 scrolls of magic mapping
Potions
 b - a potion of magic {unknown}
 o - 2 potions of brilliance
 t - a potion of stabbing
 v - 3 potions of lignification
 z - 11 potions of ambrosia
 A - a potion of resistance
 I - 3 potions of might
 K - a potion of haste {unknown}
 L - a potion of flight {unknown}
 T - 3 potions of heal wounds {unknown}
 V - a potion of curing
 Z - a potion of mutation {unknown}
Miscellaneous
 N - a lightning rod (4/4)
 O - a box of beasts (3/3)


   Skills:
 - Level 10.0 Fighting
 - Level 10.0 Dodging
 - Level 1.7 Stealth
 - Level 8.0 Spellcasting
 - Level 15.0 Conjurations
 - Level 4.0 Hexes
 - Level 4.0 Translocations
 * Level 7.4 Fire Magic
 * Level 7.4 Air Magic


You had 6 spell levels left.
You knew the following spells:

 Your Spells              Type           Power        Failure   Level
a - Magic Dart            Conj           ####         0%          1
b - Searing Ray           Conj           ######       0%          2
c - Fulminant Prism       Conj/Hex       ######....   1%          4
e - Inner Flame           Hex/Fire       #####...     1%          3
f - Starburst             Conj/Fire      ######....   1%          6
g - Lightning Bolt        Conj/Air       ######....   1%          5
h - Blink                 Tloc           N/A          1%          2

Your spell library contained the following spells:

 Spells                   Type           Power        Failure   Level
 Freezing Cloud           Conj/Ice/Air   ######....   9%          6
 Slow                     Hex            #####...     1%          2
 Conjure Flame            Conj/Fire      ######..     1%          3
 Dazzling Flash           Conj/Hex       ######       1%          3
 Mephitic Cloud           Conj/Pois/Air  ######..     1%          3
 Iskenderun's Mystic Bla  Conj/Tloc      ######..     1%          4
 Irradiate                Conj/Tmut      ######....   1%          5
 Confusing Touch          Hex            #####...     2%          3
 Gell's Gravitas          Tloc           #####.....   2%          3
 Animate Skeleton         Necr           ##....       4%          1
 Pain                     Necr           ##..         4%          1
 Call Imp                 Summ           ##......     6%          2
 Vampiric Draining        Necr           ##........   13%         3
 Yara's Violent Unravell  Hex/Tmut       ###.......   13%         5
 Animate Dead             Necr           ##........   38%         4
 Petrify                  Tmut/Erth      ##......     38%         4
 Metabolic Englaciation   Hex/Ice        ###.......   45%         5
 Agony                    Necr           ##......     75%         5


Dungeon Overview and Level Annotations

Branches:
Dungeon (13/15)            Temple (1/1) D:4            Lair (4/6) D:11
  Snake (0/4) Lair:2          Orc (0/2) D:10         Bailey (visited)
  Swamp: Lair:2-4    Shoals: Lair:2-4    Vaults: D:13-14

Altars:
Ashenzari
Cheibriados
Dithmenos
Elyvilon
Fedhas
Gozag
Hepliaklqana
Kikubaaqudgha
Makhleb
Nemelex Xobeh
Okawaru
Qazlal
Ru
Sif Muna
Trog
Uskayaw
Vehumet
Wu Jian
Xom
Yredelemnul
Zin
The Shining One

Shops:
D:6 *   D:10 *

Portals:
Abyss: D:5

Annotations:
D:5 2 transporters, felt's ghost, amateur TrMo


Innate Abilities, Weirdness & Mutations

You can breathe blasts of scalding, opaque steam.
Your pale cyan-grey scales are hard. (AC +8)
You cannot fit into any form of body armour.
You are cold-blooded and may be slowed by cold attacks.


Message History

The eight-headed hydra bites you but does no damage.
The eight-headed hydra bites you.
The eight-headed hydra barely misses you.
The eight-headed hydra bites you! The eight-headed hydra bites you.
The eight-headed hydra bites you!
* * * LOW HITPOINT WARNING * * *
The eight-headed hydra bites you!
* * * LOW HITPOINT WARNING * * *
You take 42 damage, and have 22/121 hp.
MASSIVE DAMAGE!!
You now have 3/26 mp.
The eight-headed hydra bites you.
* * * LOW HITPOINT WARNING * * *
The eight-headed hydra bites you but does no damage.
The eight-headed hydra misses you. The eight-headed hydra bites you.
* * * LOW HITPOINT WARNING * * *
The eight-headed hydra bites you!
* * * LOW HITPOINT WARNING * * *
The eight-headed hydra bites you!
* * * LOW HITPOINT WARNING * * *
The eight-headed hydra bites you.
You die...

... . .... . ## ...# .###
#..#..########.#.#
...#..##........##. #...
......##........#.. ...
#...#.†@........ # ..
#......D§.....# ##.#.###
#...#...§.§..##
PP.#.#.###..##.#.#§.+##
..............#....#..##.
................÷........
...†.†...................
.........................
.........................


You could see an eight-headed hydra.

Vanquished Creatures
  A very ugly thing (D:8)
  Fannar (D:12)
  6 hydras
  An ice dragon (D:8)
  Harold (D:7)
  3 boulder beetles
  4 two-headed ogres
  A queen ant (Lair:3)
  2 unseen horrors
  A lindwurm (Lair:3)
  An ugly thing (D:11)
  A manticore (D:8)
  7 elephants (Lair:3)
  An oklob plant (D:11)
  4 black mambas
  12 cane toads
  Maggie (D:7)
  A gargoyle (D:11)
  2 centaur skeletons
  4 komodo dragons
  A tengu conjurer (D:10)
  2 efreet
  A queen bee (D:9)
  6 trolls
  2 hornets
  A polar bear (shapeshifter) (D:13)
  10 blink frogs
  A polar bear (Lair:1)
  5 dream sheep (Lair:4)
  2 slime creatures (D:12)
  2 wyverns
  2 wraiths
  18 yaks
  A basilisk (Lair:4)
  4 vampire mosquitoes (D:12)
  A steam dragon (D:8)
  Edmund (D:4)
  15 soldier ants (Lair:3)
  6 water moccasins
  Duvessa (D:4)
  4 sky beasts
  2 phantoms (D:6)
  17 orc warriors
  4 ice beasts
  3 black bears
  An eye of draining (D:12)
  4 ogres
  3 wolves (Lair:4)
  22 centaurs
  2 big kobolds
  10 bullfrogs
  Dowan (D:4)
  4 scorpions
  37 killer bees
  A wight (D:7)
  9 howler monkeys
  2 quasits
  A bullfrog zombie (D:12)
  4 jellies
  8 orc priests
  3 hounds
  A bullfrog skeleton (D:11)
  Crazy Yiuf (D:2)
  16 orc wizards
  Natasha (twice) (D:4)
  Terence (D:2)
  3 iguanas
  32 worker ants
  A hound zombie (D:5)
  A hound skeleton (D:8)
  A mummy (D:6)
  A worker ant zombie (D:9)
  2 howler monkey skeletons
  12 adders
  7 gnolls
  4 shadow imps
  3 white imps
  3 ufetubi
  4 oozes
  An adder zombie (D:6)
  2 adder skeletons
  3 dart slugs
  8 leopard geckos
  70 orcs
  5 bats
  3 bat zombies (D:8)
  5 giant cockroaches
  9 goblins
  5 hobgoblins (D:1)
  8 jackals
  12 kobolds
  2 quokkas
  7 frilled lizards
  A leopard gecko skeleton (D:6)
  2 quokka skeletons
  A quokka zombie (D:6)
  4 rats
  2 rat zombies (D:8)
  A bush (Lair:1)
  2 butterflies
527 creatures vanquished.

Vanquished Creatures (others)
  A white imp (D:8)
  A quokka (D:8)
  A bush (Lair:4)
  13 fulminant prisms
  22 fungi
  33 plants
71 creatures vanquished.

Grand Total: 598 creatures vanquished

Notes
Turn   | Place    | Note
-------+----------+-------------------------------------------
     0 | D:1      | jasper the Draconian Conjurer began the quest for the Orb.
     0 | D:1      | Reached XP level 1. HP: 14/14 MP: 3/3
   562 | D:1      | Reached XP level 2. HP: 20/20 MP: 1/5
   609 | D:1      | Learned a level 2 spell: Searing Ray
  1067 | D:1      | Reached skill level 5 in Conjurations
  1069 | D:1      | Reached XP level 3. HP: 26/26 MP: 1/6
  1616 | D:2      | Noticed Sigmund
  1704 | D:2      | Noticed Terence
  1720 | D:2      | Killed Terence
  1903 | D:2      | Reached XP level 4. HP: 33/33 MP: 4/7
  1947 | D:2      | Learned a level 4 spell: Fulminant Prism
  2368 | D:3      | Reached skill level 6 in Conjurations
  2580 | D:3      | Found an ornate altar of the Wu Jian Council.
  2620 | D:3      | Reached XP level 5. HP: 12/38 MP: 1/8
  3100 | D:3      | Found a faded altar of an unknown god.
  3255 | D:4      | Noticed Edmund
  3281 | D:4      | Killed Edmund
  3281 | D:4      | Reached skill level 7 in Conjurations
  3281 | D:4      | Reached XP level 6. HP: 29/45 MP: 0/9
  3402 | D:4      | Found a glowing silver altar of Zin.
  3433 | D:4      | Got a heavily runed silver ring
  3540 | D:4      | Found a staircase to the Ecumenical Temple.
  3627 | D:4      | Noticed Duvessa
  3658 | D:4      | Killed Duvessa
  3658 | D:4      | Reached skill level 8 in Conjurations
  3681 | D:4      | Noticed Dowan
  3684 | D:4      | Killed Dowan
  3865 | D:4      | Found a stormy altar of Qazlal.
  3865 | D:4      | Found a broken altar of Ashenzari.
  3865 | D:4      | Found a bloodstained altar of Trog.
  3906 | D:4      | Noticed Natasha
  3910 | D:4      | Killed Natasha
  3910 | D:4      | Your scales start taking on a pale cyan-grey colour.
  3910 | D:4      | Reached XP level 7. HP: 50/50 MP: 6/10
  3952 | Temple   | Entered the Ecumenical Temple
  4054 | Temple   | Became a worshipper of Vehumet
  4303 | D:5      | Entered Level 5 of the Dungeon
  4351 | D:5      | Noticed felt's ghost (amateur TrMo)
  4352 | D:5      | Found a one-way gate to the infinite horrors of the Abyss.
  4352 | D:5      | Found a transporter.
  4485 | D:5      | Reached skill level 9 in Conjurations
  4527 | D:5      | Found a transporter.
  4529 | D:5      | Identified the +6 spear "Guarepe" {distort, rC+}
  4534 | D:5      | Noticed a toenail golem
  5008 | D:5      | Found a sparkling altar of Nemelex Xobeh.
  5297 | D:5      | Reached * piety under Vehumet
  5297 | D:5      | Offered knowledge of Foxfire by Vehumet.
  5345 | D:5      | Found a white marble altar of Elyvilon.
  5594 | D:6      | Reached skill level 10 in Conjurations
  5594 | D:6      | Reached XP level 8. HP: 57/57 MP: 8/11
  5600 | D:6      | Learned a level 4 spell: Iskenderun's Mystic Blast
  5750 | D:6      | Found a snail-covered altar of Cheibriados.
  5809 | D:6      | Reached skill level 1 in Hexes
  5809 | D:6      | Reached skill level 1 in Translocations
  6272 | D:6      | Found Buitzut's General Store.
  6297 | D:6      | Bought a scroll of teleportation for 39 gold pieces
  6297 | D:6      | Bought a scroll of blinking for 97 gold pieces
  6563 | D:6      | Found an opulent altar of Gozag.
  6637 | D:6      | Identified the ring of Eternal Night {rElec rN+ Int+7 Dex-4
                  | Stlth+} (You found it on level 4 of the Dungeon)
  6692 | D:7      | Noticed Maggie
  6705 | D:7      | Killed Maggie
  6931 | D:7      | Reached skill level 1 in Fighting
  6972 | D:7      | Reached XP level 9. HP: 64/64 MP: 7/12
  6976 | D:7      | Noticed Harold
  7064 | D:8      | Noticed a two-headed ogre
  7068 | D:8      | Killed a two-headed ogre
  7286 | D:8      | Noticed a manticore
  7666 | D:8      | Offered knowledge of Freeze by Vehumet.
  7710 | D:8      | Reached ** piety under Vehumet
  8003 | D:8      | Killed an unseen horror
  8003 | D:8      | Reached skill level 11 in Conjurations
  8003 | D:8      | Reached XP level 10. HP: 62/80 MP: 10/16
  8139 | D:8      | Killed a manticore
  8139 | D:8      | Reached skill level 5 in Fighting
  8443 | D:8      | Found a large runed translucent door.
  8444 | D:8      | Found a large runed translucent door.
  8544 | D:8      | Found an ancient bone altar of Kikubaaqudgha.
  8562 | D:8      | Found a glowing golden altar of the Shining One.
  8619 | D:8      | Reached skill level 5 in Spellcasting
  8729 | D:8      | Noticed a green very ugly thing
  8775 | D:8      | Killed a green very ugly thing
  8775 | D:8      | Reached skill level 5 in Dodging
  8849 | D:8      | Noticed an ice dragon
  9063 | D:8      | Found a stormy altar of Qazlal.
  9066 | D:8      | Found a glowing golden altar of the Shining One.
  9287 | D:9      | Offered knowledge of Ignite Poison by Vehumet.
  9694 | D:9      | Found an iron altar of Okawaru.
  9710 | D:9      | Reached *** piety under Vehumet
  9846 | D:9      | Noticed a two-headed ogre
 10130 | D:9      | Killed a two-headed ogre
 10130 | D:9      | Reached XP level 11. HP: 60/92 MP: 20/20
 10303 | D:9      | Offered knowledge of Inner Flame by Vehumet.
 10337 | D:9      | Learned a level 3 spell: Inner Flame
 10535 | D:9      | Found a shimmering blue altar of Sif Muna.
 10654 | D:10     | Entered Level 10 of the Dungeon
 10677 | D:10     | Reached skill level 12 in Conjurations
 10683 | D:10     | Reached skill level 1 in Fire Magic
 11016 | D:10     | Found Ugaif's General Store.
 11021 | D:10     | Bought a +1 pair of boots for 184 gold pieces
 11021 | D:10     | Bought a scroll of identify for 32 gold pieces
 11021 | D:10     | Bought a scroll of identify for 32 gold pieces
 11378 | D:10     | Killed an unseen horror
 11415 | D:10     | Reached **** piety under Vehumet
 11432 | D:10     | Offered knowledge of Irradiate by Vehumet.
 11436 | D:10     | Found a staircase to the Orcish Mines.
 11496 | D:10     | Learned a level 5 spell: Irradiate
 12154 | D:11     | Found a flagged portal.
 12195 | Bailey   | Entered a bailey
 13612 | D:11     | Noticed a white ugly thing
 13621 | D:11     | Reached ***** piety under Vehumet
 13623 | D:11     | Killed a white ugly thing
 13623 | D:11     | Offered knowledge of Lightning Bolt by Vehumet.
 13631 | D:11     | Learned a level 5 spell: Lightning Bolt
 13654 | D:11     | Noticed a seven-headed hydra
 13670 | D:11     | Killed a seven-headed hydra
 13670 | D:11     | Reached skill level 5 in Fire Magic
 13969 | D:11     | Reached XP level 12. HP: 103/103 MP: 21/23
 14020 | D:11     | Noticed a two-headed ogre
 14037 | D:11     | Killed a two-headed ogre
 14037 | D:11     | Reached skill level 1 in Air Magic
 14098 | D:11     | Learned a level 2 spell: Blink
 14195 | D:11     | Noticed a boulder beetle
 14280 | D:11     | Noticed a boulder beetle
 14393 | D:12     | Noticed a two-headed ogre
 14405 | D:12     | Killed a two-headed ogre
 14416 | D:12     | Noticed Fannar
 14590 | D:12     | Killed Fannar
 16002 | D:13     | Reached skill level 5 in Air Magic
 16719 | D:11     | Found a staircase to the Lair.
 17107 | D:7      | Killed Harold
 17115 | D:7      | Reached skill level 10 in Fighting
 17254 | D:7      | Found a bloodstained altar of Trog.
 17621 | D:4      | Noticed Natasha
 17624 | D:4      | Killed Natasha
 17703 | D:2      | Found a runed translucent door.
 17704 | D:2      | Noticed Crazy Yiuf
 17836 | D:2      | Offered knowledge of Starburst by Vehumet.
 17845 | D:2      | Learned a level 6 spell: Starburst
 18280 | D:2      | Killed Crazy Yiuf
 19071 | D:8      | Killed an ice dragon
 19415 | D:11     | Killed a boulder beetle
 19637 | D:11     | Killed a boulder beetle
 19897 | Lair:1   | Entered Level 1 of the Lair of Beasts
 20155 | Lair:1   | Reached skill level 10 in Dodging
 20239 | Lair:1   | Reached XP level 13. HP: 109/113 MP: 16/25
 20527 | Lair:1   | You fall into a shaft and drop 1 floor!
 20613 | Lair:1   | Reached skill level 13 in Conjurations
 21589 | Lair:2   | Found an opulent altar of Gozag.
 21624 | Lair:2   | Found a staircase to the Snake Pit.
 22686 | Lair:3   | Reached skill level 14 in Conjurations
 23681 | Lair:3   | Reached skill level 15 in Conjurations
 25840 | Lair:4   | Offered knowledge of Freezing Cloud by Vehumet.
 25914 | Lair:4   | Reached XP level 14. HP: 110/121 MP: 14/26
 26149 | Lair:4   | HP: 1/121 [eight-headed hydra (8)]
 26149 | Lair:4   | Slain by an eight-headed hydra

Illustrated notes

Levels and vault maps discovered:
D:1:      heliophobic_arrival_ceremonial_halls, layout_basic
D:2:      layout_loops_cross, uniq_crazy_yiuf_cottage, uniq_sigmund,
          uniq_terence
D:3:      layout_basic, lemuel_crystal_altar, chequers_ecumenical_altar_grove
D:4:      layout_basic, gammafunk_temple_overflow_claw, zin_academy,
          minmay_temple_entry_enclosed_plants, serial_forest,
          infiniplex_forest_fountain, infiniplex_forest_lined_2,
          infiniplex_forest_lined_corner, infiniplex_forest_clump_medium,
          infiniplex_forest_straight_5, uniq_edmund, uniq_natasha, uniq_duvessa
D:5:      layout_loops_corners, nemelex_xobeh_ov_fountains_minmay,
          kennysheep_little_box, gammafunk_ghost_abyssal_escape
D:6:      layout_cave_pods, nicolae_gozag_seed_capital, slow_altar_2,
          serial_shops, shop
D:7:      layout_basic, chequers_serial_rivers_micro_d, trog_butcher_becter,
          uniq_harold, uniq_maggie
D:8:      layout_rooms, kennysheep_mini, lemuel_zombie_altar_kikubaaqudgha,
          hangedman_abyss_or_decor_jellyfish_corner, jmf_multi_god_temple2
D:9:      layout_basic, old_standard_altar, led_sif_book, special_room
          [special_room_bee], minmay_misc_feat_alley
D:10:     minmay_cornered_nines, layout_loops_corners, hiddenorc2_lemuel,
          serial_shops, shop
D:11:     layout_loops_corners, dpeg_oklobed_lair, enter_bailey_2,
          hangedman_glass_garden, minmay_misc_feat_secret_circle
D:12:     layout_basic, uniq_fannar
D:13:     layout_cave_pools
Temple:   dpeg_three_leaves_temple
Lair:1:   cheibrodos_lair_river_kwai, layout_loops_ring
Lair:2:   layout_cave_pods, dummy_snake_entry, basic_altar, lemuel_fruit_fields
Lair:3:   layout_regular_city, st_stairs_6, zaba_anthell
Lair:4:   layout_regular_city, skrybe_swamp_entry_bodies, serial_bayou_shore_b

Skill      XL: |  1  2  3  4  5  6  7  8  9 10 11 12 13 |
---------------+----------------------------------------+-----
Conjurations   | 5 6 7 8 10 11 12 15 | 15.0
Hexes          | 4 |  4.0
Translocations | 4 |  4.0
Dodging        | 2 4 6 7 10 | 10.0
Fighting       | 1 4 7 8 10 | 10.0
Spellcasting   | 4 6 7 8 |  8.0
Fire Magic     | 5 7 |  7.4
Air Magic      | 5 7 |  7.4
Stealth        | |  1.7

Action                   |  1- 3 |  4- 6 |  7- 9 | 10-12 | 13-15 || total
-------------------------+-------+-------+-------+-------+-------++-------
Melee: Unarmed           |    32 |       |       |       |       ||    32
       Tailslap          |     4 |     1 |     7 |    14 |     6 ||    32
       Short sword       |    29 |    22 |    78 |   237 |    84 ||   450
Throw: Stone             |     2 |       |       |     2 |       ||     4
       Javelin           |       |    36 |    29 |    58 |    61 ||   184
 Cast: Magic Dart        |    53 |     4 |     3 |    49 |       ||   109
       Searing Ray       |     2 |    18 |    42 |   134 |     6 ||   202
       Fulminant Prism   |       |       |       |    12 |     1 ||    13
       Inner Flame       |       |       |       |     3 |     6 ||     9
       Starburst         |       |       |       |    14 |    83 ||    97
       Lightning Bolt    |       |       |       |    10 |    24 ||    34
       Irradiate         |       |       |       |     2 |       ||     2
       Blink             |       |       |       |     1 |     5 ||     6
 Abil: Breathe Steam     |       |       |    28 |   123 |    44 ||   195
       Stop Flying       |       |       |       |     1 |       ||     1
Evoke: Box of beasts     |       |       |       |     3 |       ||     3
  Use: Potion            |       |     2 |       |     3 |     1 ||     6
       Scroll            |       |       |    11 |    11 |     2 ||    24
 Stab: Sleeping          |       |       |       |     4 |     4 ||     8
Armor: Skin              |    30 |    15 |    65 |   193 |    91 ||   394
Dodge: Dodged            |    43 |    22 |    68 |   302 |   134 ||   569

Table legend: (Time is in decaauts)
 A = Elapsed time spent in this place.
 B = Non-inter-level travel time spent in this place.
 C = Inter-level travel time spent in this place.
 D = Time resting spent in this place.
 E = Time spent auto-exploring this place.
 F = Levels seen in this place.
 G = Mean time per level.
                   A        B        C        D        E       F      G
               +--------+--------+--------+--------+--------+-----+--------+
         Total |  26189 |  25267 |    922 |   4734 |  16594 |  19 | 1378.4 |
       Dungeon |  18547 |  17744 |    803 |   2652 |  12488 |  13 | 1426.7 |
        Temple |    114 |    103 |     11 |      0 |     97 |   1 |  114.0 |
          Lair |   6269 |   6161 |    108 |   1905 |   3525 |   4 | 1567.2 |
        Bailey |   1258 |   1258 |      0 |    176 |    484 |   1 | 1258.0 |
               +--------+--------+--------+--------+--------+-----+--------+

Top non-repeatable levels by time:
  Lair:2: 2211 daAuts
  Lair:3: 2189 daAuts
    D:11: 1952 daAuts
     D:1: 1848 daAuts
    D:12: 1806 daAuts
  Lair:1: 1662 daAuts
     D:8: 1659 daAuts
     D:7: 1619 daAuts
     D:9: 1558 daAuts
    D:10: 1515 daAuts
     D:2: 1436 daAuts
     D:5: 1261 daAuts
  Bailey: 1258 daAuts
     D:3: 1252 daAuts
     D:6: 1205 daAuts
